 Dungeon Crawl Stone Soup version 0.28.0-1-gb440e238dd (webtiles) character file.

Game seed: 7073281151413055157

25 Snicker the Sneak (level 2, -4/24 HPs)
             Began as a Demonspawn Delver on Feb 21, 2022.
             Was an Initiate of Okawaru.
             Slain by a water moccasin zombie (6 damage)
             ... on level 5 of the Dungeon.
             The game lasted 00:02:46 (900 turns).

Snicker the Sneak (Demonspawn Delver)                Turns: 900, Time: 00:02:47

Health: -4/24      AC:  3    Str: 12    XL:     2   Next: 82%
Magic:  2/2        EV: 11    Int: 11    God:    Okawaru [......]
Gold:   33         SH:  0    Dex: 14    Spells: 1/1 levels left

rFire   . . .      SeeInvis .   a - +0 short sword
rCold   . . .      Faith    .   (no shield)
rNeg    . . .      Spirit   .   b - +0 leather armour
rPois   .          Reflect  .   (no helmet)
rElec   .          Harm     .   (no cloak)
rCorr   .          Rampage  .   (no gloves)
Will    .....                   (no boots)
Stlth   +++.......              (no amulet)
HPRegen 0.08/turn               (no ring)
MPRegen 0.08/turn               (no ring)

@: no status effects
A: powered by death 1
a: Renounce Religion


You were on level 5 of the Dungeon.
You worshipped Okawaru.
Okawaru was noncommittal.
You visited 2 branches of the dungeon, and saw 3 of its levels.

You collected 33 gold pieces.

Inventory:

Hand Weapons
 a - a +0 short sword (weapon)
Armour
 b - a +0 leather armour (worn)
Wands
 g - a wand of digging (3)
Scrolls
 c - a scroll of fog
 d - a scroll of magic mapping
 e - a scroll of fear


   Skills:
 + Level 3.1 Fighting
 * Level 2.0 Short Blades
 + Level 1.8 Dodging
 * Level 5.2 Stealth


You had one spell level left.
You didn't know any spells.
Your spell library was empty.

Dungeon Overview and Level Annotations

Branches:
Dungeon (6/15)             Temple (1/1) D:5

Altars:
Ashenzari
Cheibriados
Dithmenos
Elyvilon
Fedhas
Gozag
Hepliaklqana
Kikubaaqudgha
Makhleb
Nemelex Xobeh
Okawaru
Qazlal
Ru
Sif Muna
Uskayaw
Vehumet
Wu Jian
Xom
Yredelemnul
Zin
The Shining One


Innate Abilities, Weirdness & Mutations

You regenerate a little health from kills.


Message History

The water moccasin zombie is heavily damaged.
The water moccasin zombie barely misses you. x2
You completely miss the water moccasin zombie.
The water moccasin zombie is heavily damaged.
The water moccasin zombie bites you.
You hit the water moccasin zombie.
The water moccasin zombie is heavily damaged.
The water moccasin zombie closely misses you.
You hit the water moccasin zombie.
The water moccasin zombie is severely damaged.
The water moccasin zombie barely misses you.
You hit the water moccasin zombie.
The water moccasin zombie is severely damaged.
The water moccasin zombie bites you but does no damage.
You hit the water moccasin zombie.
The water moccasin zombie is severely damaged.
The water moccasin zombie closely misses you.
The water moccasin zombie bites you but does no damage.
You hit the water moccasin zombie.
The water moccasin zombie is almost destroyed.
The water moccasin zombie closely misses you.
You hit the water moccasin zombie but do no damage.
The water moccasin zombie is almost destroyed.
The water moccasin zombie barely misses you.
You hit the water moccasin zombie but do no damage.
The water moccasin zombie is almost destroyed.
The water moccasin zombie bites you.
You closely miss the water moccasin zombie.
The water moccasin zombie is almost destroyed.
The water moccasin zombie bites you.
* * * LOW HITPOINT WARNING * * *
You hit the water moccasin zombie.
The water moccasin zombie is almost destroyed.
The water moccasin zombie bites you.
* * * LOW HITPOINT WARNING * * *
The water moccasin zombie closely misses you.
You barely miss the water moccasin zombie.
The water moccasin zombie is almost destroyed.
The water moccasin zombie bites you.
You die...

##.## ... .8. ...
###.### #8...8#
#...Z.# #....# #..
#..@..# #....# #..
#.....# #..... ..
#8...8#.##....##.# .
###.###.##...(#..##.
#...##.............
#.8.#..............
#...##.............
##.###.............
#.###.............


You could see a water moccasin zombie.

Vanquished Creatures
  An iguana (D:6)
1 creature vanquished.

Notes
Turn   | Place    | Note
-------+----------+-------------------------------------------
     0 | D:5      | Snicker the Demonspawn Delver began the quest for the Orb.
     0 | D:5      | Reached XP level 1. HP: 18/18 MP: 1/1
     4 | D:5      | Noticed a water moccasin zombie
    25 | D:6      | Noticed an iguana
    36 | D:6      | Killed an iguana
    37 | D:6      | Reached skill level 5 in Stealth
    37 | D:6      | Gained mutation: You regenerate a little health from kills.
                  | [demonic ancestry]
    37 | D:6      | Reached XP level 2. HP: 13/24 MP: 2/2
   380 | D:6      | Noticed a phantom
   432 | D:5      | Found a staircase to the Ecumenical Temple.
   441 | Temple   | Entered the Ecumenical Temple
   851 | Temple   | Became a worshipper of Warmaster Okawaru
   900 | D:5      | Slain by a water moccasin zombie

Illustrated notes

Levels and vault maps discovered:
D:5:      layout_rooms, minmay_temple_entry_antechambers, uniq_sigmund,
          uniq_blork_the_orc, uniq_duvessa
D:6:      minmay_inner_zag, layout_basic
Temple:   mainiacjoe_temple_hex_bubbles

Skill      XL: |  1 |
---------------+----+-----
Short Blades   | 2 |  2.0
Stealth        | 5 |  5.2
Fighting       | |  3.1
Dodging        | |  1.8

Action                   || total
-------------------------++-------
Melee: Short sword       ||    33
       Punch             ||     1
  Use: Potion            ||     1
 Stab: Sleeping          ||     1
Armor: Leather armour    ||     5
Dodge: Dodged            ||    24
